 Dungeon Crawl Stone Soup version 0.21.1-1-g345015fe64 (webtiles) character file.

19 Kohma the Ducker (level 2, 0/13 HPs)
             Began as a Spriggan Venom Mage on June 26, 2018.
             Succumbed to an adder's poison
             ... while paralysed
             ... on level 1 of the Dungeon.
             The game lasted 00:02:53 (809 turns).

Kohma the Ducker (Spriggan Venom Mage)               Turns: 809, Time: 00:02:54

Health: 0/13       AC:  3    Str:  4    XL:     2   Next: 55%
Magic:  3/7        EV:  4    Int: 16    God:
Gold:   62         SH:  0    Dex: 16    Spells: 4/7 levels left

rFire    . . .     SeeInvis +   o - -3 short sword (curse)
rCold    . . .     Gourm    .   (shield restricted)
rNeg     . . .     Faith    .   a - +1 robe
rPois    .         Spirit   .   (helmet restricted)
rElec    .         Reflect  .   (no cloak)
rCorr    .         Harm     .   (gloves unavailable)
MR       .....                  (boots unavailable)
Stlth    ++........             (no amulet)
HPRegen  0.04/turn              (no ring)
MPRegen  0.10/turn              (no ring)

@: paralysed, lethally poisoned (0 -> -3), berserk cooldown, flying, hasted and
slowed, very quick
A: very small, unfitting armour, see invisible, herbivore, speed 3, slow
metabolism 2
a: no special abilities


You were on level 1 of the Dungeon.
You were not hungry.

You visited 1 branch of the dungeon, and saw 2 of its levels.

You collected 62 gold pieces.

Inventory:

Hand Weapons
 o - a cursed -3 short sword (weapon)
Armour
 a - a +1 robe (worn)
Jewellery
 l - an uncursed ring of see invisible {unknown}
Scrolls
 g - a scroll of remove curse
Potions
 m - a potion of agility {unknown}
 n - a potion of mutation {unknown}
Books
 b - a Young Poisoner's Handbook

   Spells                             Type                      Level
   a - Sting                          Conjuration/Poison           1
   b - Poisonous Vapours              Poison/Air                   2
   c - Mephitic Cloud                 Conjuration/Poison/Air       3
   d - Olgreb's Toxic Radiance        Poison                       4
   e - Venom Bolt                     Conjuration/Poison           5
Comestibles
 c - 2 rations


   Skills:
 * Level 3.8 Dodging
 - Level 3.0 Stealth
 * Level 3.3 Spellcasting
 + Level 1.0 Conjurations
 - Level 3.0 Poison Magic


You had 4 spell levels left.
You knew the following spells:

 Your Spells              Type           Power        Failure   Level  Hunger
a - Sting                 Conj/Pois      #...         8%          1    None
b - Poisonous Vapours     Pois/Air       #.....       14%         2    ##.....


Dungeon Overview and Level Annotations

Branches:
Dungeon (2/15)

Altars:


Innate Abilities, Weirdness & Mutations

You are very small and have problems with some larger weapons.
You are too small for most types of armour.
You have supernaturally acute eyesight. (SInv)
You are a herbivore.
You cover ground extremely quickly.
You need consume almost no food.


Message History

Your surroundings suddenly seem different.
As you read the scroll labeled DAH OLEELEU, it crumbles to dust.
It is a scroll of enchant armour.
Your +0 robe glows green for a moment.
It was a potion of flight.
You feel very buoyant.
You fly up into the air.
It was a potion of haste.
You feel yourself speed up.
* * * LOW HITPOINT WARNING * * *
You feel sick.
It was a potion of berserk rage.
A red film seems to cover your vision as you go berserk!
You feel yourself moving faster!
You feel mighty!
You are too berserk!
You feel a strong urge to attack something.
You feel your anger nearly subside.
You are no longer berserk.
You pass out from exhaustion.
You feel yourself slow down.
You die...

...#..#.#.##........#.#
......#.#.#######...#.#
...##.#.#.#.........#.#
#.......#..........##.#
#..##.#.###.####...##.#
##.##.#............##.#
##..#.#.###.####.#.##.#
#.........#.# #.#.##.#
#.#...#.#.#.# #@#....#
#.#.......#.# #.######
#.#..#..###.# #.#
#.#.....# #.# #.#
#.#.#...# #.# #.#
#.#.#...# #.# #(#
..#.##..###.####(#
#.#....>.........#
#.........#.######


There were no monsters in sight!

Vanquished Creatures
  An adder (D:2)
  A hobgoblin (D:1)
  4 kobolds (D:1)
  2 bats
  2 frilled lizards (D:1)
  2 rats (D:1)
12 creatures vanquished.

Notes
Turn   | Place    | Note
-------+----------+-------------------------------------------
     0 | D:1      | Kohma the Spriggan Venom Mage began the quest for the Orb.
     0 | D:1      | Reached XP level 1. HP: 9/9 MP: 5/5
   693 | D:1      | Reached XP level 2. HP: 13/13 MP: 0/7
   789 | D:1      | Learned a level 2 spell: Poisonous Vapours
   793 | D:2      | Reached skill level 1 in Conjurations
   809 | D:1      | Succumbed to an adder's poison

Skill      XL: |  1  2 |
---------------+-------+-----
Spellcasting   | 3 |  3.3
Conjurations   | 1 |  1.0
Dodging        | |  3.8
Stealth        | |  3.0
Poison Magic   | |  3.0

Action                   || total
-------------------------++-------
 Cast: Sting             ||    24
       Poisonous Vapours ||     2
  Use: Scroll            ||     4
       Potion            ||     3
Armor: Robe              ||     1
Dodge: Dodged            ||    11
